 Dungeon Crawl Stone Soup version 0.32-a0-576-g706899e69d (webtiles) character file.

Game seed: 6444553635167789906

121 demibob the Chopper (level 4, 0/38 HPs)
             Began as a Mountain Dwarf Fighter on Mar 2, 2024.
             Slain by a gnoll
             ... wielding a +0 spear
              (5 damage)
             ... on level 3 of the Dungeon.
             The game lasted 00:02:10 (1959 turns).

demibob the Chopper (Mountain Dwarf Fighter)        Turns: 1959, Time: 00:02:10

Health: 0/38       AC: 11    Str: 20    XL:     4   Next: 77%
Magic:  4/4        EV:  9    Int:  9    God:
Gold:   88         SH:  0    Dex:  9    Spells: 3/3 levels left

rFire   . . .        a - +0 war axe
rCold   . . .        (no shield)
rNeg    . . .        b - +0 scale mail
rPois   .            (no helmet)
rElec   .            (no cloak)
rCorr   .            j - +1 pair of gloves
SInv    .            i - +1 pair of boots
Will    .....        (no amulet) Stlth
                     (no ring)
HPRegen 0.26/turn    (no ring)
MPRegen 0.09/turn

%: no passive effects
@: no status effects
A: runic magic, artefact enchanting
a: no special abilities


You were on level 3 of the Dungeon.
You visited 1 branch of the dungeon, and saw 3 of its levels.

You collected 88 gold pieces.


Innate Abilities, Weirdness & Mutations

Your spellcasting is much less encumbered by armour.
You can use scrolls of enchantment on lesser artefacts.


   Skills:
 - Level 3.2 Fighting
 + Level 6.1 Axes
 - Level 3.2 Armour
 - Level 3.2 Shields


You had 3 spell levels left.
You didn't know any spells.
Your spell library contained the following spells:

 Spells                   Type           Power      Damage    Failure   Level
 Call Canine Familiar     Summ           0%         N/A       83%         3
 Inner Flame              Hex/Fire       0%         N/A       83%         3
 Sigil of Binding         Hex            0%         N/A       83%         3
 Dimensional Bullseye     Hex/Tloc       0%         N/A       99%         4
 Irradiate                Conj/Alch      0%         3d11      100%        5
 Ignition                 Fire           0%         3d3       100%        8

Inventory:

Hand Weapons
 a - a +0 war axe (weapon)
Missiles
 f - 3 throwing nets {=f}
Armour
 b - a +0 scale mail (worn)
 i - a +1 pair of boots (worn)
 j - a +1 pair of gloves (worn)
Scrolls
 h - a scroll of amnesia {unknown}
 k - a scroll of summoning
Potions
 c - a potion of enlightenment
 d - a potion of might
 e - 2 potions of heal wounds {@q2}
 g - a potion of attraction
 l - a potion of haste {unknown}

Dungeon Overview and Level Annotations

Branches:
Dungeon (3/15)

Altars:

Shops:
D:1 ?

Annotations:
D:3 3 runed translucent doors, Aldia's ghost, amateur CoWr

####### #.....# #.....#
#.g...# #@# ### #......# #.#
#####.. #......# ###.# ###
#...... #......# #...# ..#
#.####. #......# #.### #.# #.#
## #).....# #.# #.###.# ###
##......# #.# #.#...# #..
#.......# #.########...#####..
........###.##...(............


You could see a gnoll.


Message History

You are too injured to fight recklessly!
You are too injured to fight recklessly!
You are too injured to fight recklessly!
You are too injured to fight recklessly!
You are too injured to fight recklessly!
You are too injured to fight recklessly!
You are too injured to fight recklessly!
You are too injured to fight recklessly!
You are too injured to fight recklessly!
You are too injured to fight recklessly!
You are too injured to fight recklessly!
You are too injured to fight recklessly!
You are too injured to fight recklessly!
You are too injured to fight recklessly!
You hit the gnoll but do no damage. The gnoll barely misses you. x2
You slash the gnoll!
You kill the gnoll!
The gnoll hits you from afar with a +0 spear.
* * * LOW HITPOINT WARNING * * *
The gnoll completely misses you.
Items here: )) ††.
You completely miss the gnoll. The gnoll closely misses you.
The gnoll hits you but does no damage.
You barely miss the gnoll. The gnoll hits you with a +0 spear.
* * * LOW HITPOINT WARNING * * *
You barely miss the gnoll. The gnoll closely misses you.
You hit the gnoll.
The gnoll is lightly wounded.
The gnoll hits you with a +0 spear.
You die...

Skill      XL: |  1  2  3  4 |
---------------+-------------+-----
Axes           | 3 4 5 6 |  6.1
Fighting       | |  3.2
Armour         | |  3.2
Shields        | |  3.2

Action                     |  1- 3 |  4- 6 || total
---------------------------+-------+-------++-------
  Melee: War axe           |    79 |    54 ||   133
    Use: Scroll            |     4 |     3 ||     7
 Armour: Scale mail        |    51 |    42 ||    93
  Dodge: Dodged            |    28 |    26 ||    54

Levels and vault maps discovered:
D:1:      amcnicky_arrival_single_pillar, layout_loops_cross, serial_shops,
          shop, minmay_indecisive_spiral
D:2:      layout_basic, minivault_14, minmay_tetromino_s2
D:3:      layout_rooms, gammafunk_ghost_nasty_kobolds

Notes
Turn   | Place    | Note
-------+----------+-------------------------------------------
     0 | D:1      | demibob the Mountain Dwarf Fighter began the quest for the
                  | Orb.
     0 | D:1      | Reached XP level 1. HP: 19/19 MP: 1/1
   140 | D:1      | Reached skill level 3 in Axes
   224 | D:1      | Reached XP level 2. HP: 26/26 MP: 2/2
   370 | D:1      | Reached skill level 4 in Axes
   541 | D:1      | Found Gybiok's Magic Scroll Boutique.
   563 | D:1      | Reached XP level 3. HP: 30/31 MP: 3/3
   946 | D:2      | Reached skill level 5 in Axes
   949 | D:2      | Reached XP level 4. HP: 21/38 MP: 4/4
  1802 | D:3      | Found a runed translucent gate.
  1804 | D:3      | Found a runed translucent gate.
  1804 | D:3      | Found a runed translucent gate.
  1804 | D:3      | Noticed a kobold brigand
  1805 | D:3      | Noticed Aldia's ghost (amateur CoWr)
  1951 | D:3      | Reached skill level 6 in Axes
  1959 | D:3      | Slain by a gnoll

Vanquished Creatures
  6 gnolls
  An adder (D:2)
  A dart slug (D:1)
  5 bats
  11 endoplasms
  2 giant cockroaches (D:1)
  2 goblins (D:1)
  5 hobgoblins
  3 jackals (D:3)
  3 quokkas
  A ball python (D:1)
  3 frilled lizards
  5 kobolds
  2 rats (D:2)
50 creatures vanquished.

Table legend: (Time is in decaauts)
 A = Elapsed time spent in this place.
 B = Non-inter-level travel time spent in this place.
 C = Inter-level travel time spent in this place.
 D = Time resting spent in this place.
 E = Time spent auto-exploring this place.
 F = Levels seen in this place.
 G = Mean time per level.
                   A        B        C        D        E       F      G
               +--------+--------+--------+--------+--------+-----+--------+
         Total |   1994 |   1941 |     53 |     33 |   1578 |   3 |  664.7 |
       Dungeon |   1994 |   1941 |     53 |     33 |   1578 |   3 |  664.7 |
               +--------+--------+--------+--------+--------+-----+--------+

Top non-repeatable levels by time:
     D:2: 927 daAuts
     D:1: 876 daAuts
     D:3: 190 daAuts

Table legend:
 A = Non-vault XP
 B = Vault XP
 C = Vault XP percentage of total XP
 D = Non-vault monster count
 E = Vault monster count
 F = Vault count percentage of total count
                 A         B        C        D         E       F
            +---------+---------+-------+---------+---------+-------
      Total |     162 |      12 |   6.9 |      44 |       6 |  12.0
            +---------+---------+-------+---------+---------+-------
        D:1 |      35 |       9 |  20.5 |      20 |       4 |  16.7
        D:2 |      82 |       3 |   3.5 |      12 |       2 |  14.3
        D:3 |      45 |       0 |   0.0 |      12 |       0 |   0.0
            +---------+---------+-------+---------+---------+-------
